 Dungeon Crawl Stone Soup version 0.18.1-50-g88ac8fd (webtiles) character file.

27 varam the Magician (level 2, 0/19 HPs)
             Began as a Mummy Wizard on Oct 10, 2016.
             Slain by an adder (5 damage)
             ... on level 2 of the Dungeon.
             The game lasted 00:04:29 (1152 turns).

varam the Magician (Mummy Wizard)                   Turns: 1152, Time: 00:04:30

Health: 0/19       AC:  3    Str: 10    XL:     2   Next: 93%
Magic:  0/6        EV: 12    Int: 17    God:
Gold:   81         SH:  0    Dex: 10    Spells: 4 memorised, 0 levels left

rFire  x . .     SeeInvis .     h - -1 dagger (curse)
rCold  + . .     Gourm    .     g - +1 robe {MR+}
rNeg   + + +     Faith    .     (no shield)
rPois  ∞         Spirit   .     b - +0 hat
rElec  .         Dismiss  .     (no cloak)
rCorr  .         Reflect  .     (no gloves)
SustAt .         Harm     .     (no boots)
MR     +....                    (no amulet)
Stlth  ++........               (no ring)
                                (no ring)

@: somewhat resistant to hostile enchantments, unstealthy
A: no food or potions, fire vulnerability, cold resistance 1, negative energy
resistance 3, torment resistance, unbreathing
a: no special abilities


You were on level 2 of the Dungeon.
You were not hungry.

You visited 1 branch of the dungeon, and saw 3 of its levels.

You collected 81 gold pieces.

Inventory:

Hand Weapons
 f - a +0 dagger
 h - a cursed -1 dagger (weapon)
Armour
 a - a +0 robe
 b - a +0 hat (worn)
 g - a +1 robe of magic resistance (worn)
Scrolls
 d - a scroll of identify {unknown}
 e - a scroll of teleportation {unknown}
 i - a scroll of blinking {unknown}
Books
 c - a book of Minor Magic

   Spells                             Type                      Level
   a - Magic Dart                     Conjuration                  1
   b - Blink                          Translocation                2
   c - Call Imp                       Summoning                    2
   d - Repel Missiles                 Charms/Air                   2
   e - Slow                           Hexes                        2
   f - Conjure Flame                  Conjuration/Fire             3
   g - Mephitic Cloud                 Conjuration/Poison/Air       3


   Skills:
 - Level 1.5 Dodging
 - Level 1.5 Stealth
 + Level 3.4 Spellcasting
 * Level 1.7 Conjurations
 * Level 1.0 Summonings
 - Level 0.7 Translocations


You couldn't memorise any spells.
You knew the following spells:

 Your Spells              Type           Power        Failure   Level  Hunger
a - Magic Dart            Conj           #...         10%         1    N/A
b - Call Imp              Summ           #.......     21%         2    N/A
c - Repel Missiles        Chrm/Air       #.....       30%         2    N/A
d - Blink                 Tloc           N/A          21%         2    N/A

Dungeon Overview and Level Annotations

Branches:
Dungeon (3/15)

Altars:

Annotations:
D:3 varam's ghost, amateur DESu


Innate Abilities, Weirdness & Mutations

You do not eat or drink.
Your flesh is vulnerable to fire.
You are immune to poison.
Your flesh is cold resistant.
You are immune to negative energy.
You are immune to unholy pain and torment.
You can survive without breathing.


Message History

Casting: Magic Dart
Confirm with . or Enter, or press ? or * to list all spells.
Aiming: Magic Dart
Press: ? - help, Shift-Dir - straight line, f/p - adder
Aim: an adder (heavily wounded)
The magic dart hits the adder.
The adder is severely wounded.
The adder bites you.
Casting: Magic Dart
Confirm with . or Enter, or press ? or * to list all spells.
Aiming: Magic Dart
Press: ? - help, Shift-Dir - straight line, f/p - adder
Aim: an adder (severely wounded)
The magic dart hits the adder.
The adder is almost dead.
The adder bites you.
* * * LOW HITPOINT WARNING * * *
You see here a hand axe.
The adder misses you. The adder bites you.
You die...

+#.#....†..(...#####
.#.#.......%...#...#
.#.#...............#
........###........#
##.#....# #........#
........######.....#
#................###
#..########...(S)#
#.... #.....@#
#..###
#......###########
#.##
#............)...#
#..
#......#########.#
### #......#
#...<...# . #...####
#.......# # ####
#......## ########


You could see an adder.

Vanquished Creatures
  A giant gecko (D:2)
  6 goblins
  5 jackals
  A quokka (D:2)
  3 giant newts (D:1)
  4 kobolds
  5 rats
25 creatures vanquished.

Notes
Turn   | Place    | Note
--------------------------------------------------------------
     0 | D:1      | varam the Mummy Wizard began the quest for the Orb.
     0 | D:1      | Reached XP level 1. HP: 13/13 MP: 4/4
    32 | D:1      | Reached skill level 1 in Conjurations
   360 | D:1      | Reached XP level 2. HP: 18/19 MP: 4/6
   634 | D:1      | Learned a level 2 spell: Call Imp
   637 | D:1      | Learned a level 2 spell: Repel Missiles
   640 | D:1      | Learned a level 2 spell: Blink
   977 | D:3      | Noticed varam's ghost (amateur DESu)
  1025 | D:2      | Reached skill level 1 in Summonings
  1152 | D:2      | Slain by an adder

Skill      XL: |  1  2 |
---------------+-------+-----
Conjurations   | 1 |  1.7
Summonings     | 1 |  1.0
Dodging        | |  1.5
Stealth        | |  1.5
Spellcasting   | |  3.4
Translocations | |  0.7

Action                   || total
-------------------------++-------
Melee: Dagger            ||    11
 Cast: Magic Dart        ||    56
  Use: Scroll            ||     1
Armor: Robe              ||    10
Dodge: Dodged            ||    21
